 Dungeon Crawl Stone Soup version 0.30-a0-557-ge2afbf3030 (webtiles) character file.

Game seed: 3501512726094807776

4589 jfcaron the Cleaver (level 11, -7/80 (86) HPs)
             Began as a Meteoran Fighter on Dec 27, 2022.
             Was an Initiate of Ru.
             Mangled by a wight
             ... wielding a +3 long sword of electrocution
              (9 damage)
             ... on level 9 of the Dungeon.
             The game lasted 00:21:32 (2912 turns).

jfcaron the Cleaver (Meteoran Fighter)              Turns: 2912, Time: 00:21:33

HP:   -7/80 (86)    AC: 14    Str: 22    XL:     11   Next: 0%
MP:   12/12         EV:  8    Int: 14    God:    Ru [......]
Gold: 365           SH:  0    Dex: 14    Spells: 7/10 levels left

rFire   + . .      SeeInvis .    F - +7 battleaxe "Itaafaisch" {freeze, Int+4}
rCold   + + .      Faith    .    (shield currently unavailable)
rNeg    . . .      Spirit   .    n - +0 chain mail
rPois   .          Reflect  .    f - +2 hat
rElec   .          Harm     .    l - scarf {rC+ rF+}
rCorr   +          Rampage  .    (no gloves)
Will    +....                    i - +1 pair of boots Stlth
                                 y - amulet of the acrobat
HPRegen 0.33/turn                q - ring of resist corrosion
MPRegen 0.13/turn                H - ring of protection from cold

@: glowing, studying Necromancy, drained
A: sense surroundings 2, no stealth, otherworldly, glowing, explore regen
a: Renounce Religion


You were on level 9 of the Dungeon.
You worshipped Ru.
Ru was noncommittal.
You visited 2 branches of the dungeon, and saw 10 of its levels.

You collected 365 gold pieces.

Inventory:

Hand Weapons
 a - a +1 war axe of freezing
 j - the +2 dagger of Utweo {freeze, Int+5}
   (You found it on level 2 of the Dungeon)

   It freezes those it strikes, dealing additional cold damage.
   It can also slow down cold-blooded creatures.
   Int:       It affects your intelligence (+5).
 k - a +2 flail of draining
   (You took it off a gnoll on level 4 of the Dungeon)
 u - the +8 hand axe of Royalism {drain, rF+}
   (You found it on level 9 of the Dungeon)

   A truly terrible weapon, it drains the life of any living foe it strikes.
   rF:        It protects you from fire.
 F - the +7 battleaxe "Itaafaisch" (weapon) {freeze, Int+4}
   (You found it on level 8 of the Dungeon)

   It freezes those it strikes, dealing additional cold damage.
   It can also slow down cold-blooded creatures.
   Int:       It affects your intelligence (+4).
Missiles
 d - 9 poisoned darts
 z - 2 throwing nets {!f}
Armour
 b - a +0 scale mail
 c - a +0 buckler
 f - a +2 hat (worn)
 i - a +1 pair of boots (worn)
 l - a scarf of resistance (worn)
   (You found it on level 4 of the Dungeon)
 n - a +0 chain mail (worn)
Jewellery
 q - a ring of resist corrosion (left hand)
 y - an amulet of the acrobat (around neck)
   (You found it on level 5 of the Dungeon)
 H - a ring of protection from cold (right hand)
   (You took it off an orc on level 8 of the Dungeon)
 J - a ring of protection from cold
   (You found it on level 9 of the Dungeon)
Wands
 w - a wand of acid (7)
   (You found it on level 5 of the Dungeon)
 C - a wand of flame (6)
 D - a wand of roots (10)
Scrolls
 e - 3 scrolls of fog
 s - 2 scrolls of blinking
 t - a scroll of teleportation
 v - 2 scrolls of magic mapping
 A - a scroll of enchant armour
Potions
 g - 2 potions of lignification
 h - 3 potions of attraction
 m - 2 potions of cancellation
 o - a potion of magic
 p - a potion of resistance
 r - a potion of berserk rage
 x - 2 potions of might
 B - a potion of degeneration {unknown}
 E - a potion of flight {unknown}
 G - 2 potions of mutation


   Skills:
 - Level 5.0 Fighting
 * Level 14.3 Axes
 - Level 5.0 Armour
 - Level 7.0 Shields
 + Level 4.7 Translocations
 + Level 4.6 Transmutations


You had 7 spell levels left.
You knew the following spells:

 Your Spells              Type           Power      Damage    Failure   Level
a - Apportation           Tloc           26%        N/A       32%         1
b - Wereblood             Tmut           13%        N/A       45%         2

Your spell library contained the following spells:

 Spells                   Type           Power      Damage    Failure   Level
 Magic Dart               Conj           0%         1d3       92%         1
 Necrotise                Necr           0%         1d4       92%         1
 Summon Small Mammal      Summ           0%         N/A       92%         1
 Call Imp                 Summ           0%         N/A       98%         2
 Sublimation of Blood     Necr           0%         N/A       98%         2
 Kindle Blastsparks       Fire/Tloc/Air  8%         2d10      98%         3
 Inner Flame              Hex/Fire       0%         N/A       100%        3
 Mephitic Cloud           Conj/Pois/Air  0%         N/A       100%        3
 Cause Fear               Hex            0%         N/A       100%        4
 Fulminant Prism          Conj/Hex       0%         3d5       100%        4
 Iskenderun's Mystic Bla  Conj/Tloc      6%         2d4       100%        4
 Lee's Rapid Deconstruct  Erth           0%         3d4*      100%        5
 Summon Hydra             Summ           0%         N/A       100%        7
 Discord                  Hex            0%         N/A       100%        8


Dungeon Overview and Level Annotations

Branches:
Dungeon (9/15) Zot: 2457   Temple (1/1) D:4 Zot: 534    Lair (0/5) D:8
    Orc: D:9-12

Altars:
Ashenzari
Cheibriados
Dithmenos
Elyvilon
Fedhas
Gozag
Kikubaaqudgha
Makhleb
Nemelex Xobeh
Okawaru
Qazlal
Ru
Sif Muna
Uskayaw
Vehumet
Wu Jian
Xom
Zin
The Shining One

Shops:
D:7 *

Annotations:
D:9 3 runed translucent doors, lotum's ghost, journeyman OpTm


Innate Abilities, Weirdness & Mutations

You passively map the area around you.
You cannot be stealthy.
You are easily found by Zot.
You glow in the dark.
You regain HP and MP as you explore.


Message History

You hit the wight.
The wight is moderately damaged.
You completely miss the wight. You slash the wight!
The wight barely misses you.
The wight hits you with a +3 long sword of electrocution.
The wight barely misses you.
The crimson imp shouts, "Give up, thou clouted weather-bitten fleecer!"
The crimson imp throws a stone.
The stone closely misses you.
You slice the wight!! You freeze the wight.
You destroy the wight!
You barely miss the wight. You closely miss the wight.
The wight hits you with a +0 falchion.
You feel drained. The wight hits you but does no damage.
You are electrocuted!
You slice the wight!!
You destroy the wight!
You barely miss the wight.
The wight hits you with a +3 long sword of electrocution.
You feel drained.
You are electrocuted!
You have reached level 11!
You are too injured to fight recklessly!
You are too injured to fight recklessly!
You slash the wight!
The wight is heavily damaged.
You miss the crimson imp.
The wight hits you with a +3 long sword of electrocution!
* * * LOW HITPOINT WARNING * * *
You are electrocuted!!
* * * LOW HITPOINT WARNING * * *
The crimson imp closely misses you.
You feel better.
The wight hits you with a +3 long sword of electrocution!
* * * LOW HITPOINT WARNING * * *
You feel drained.
* * * LOW HITPOINT WARNING * * *
The crimson imp hits you but does no damage.
You closely miss the wight.
The wight is heavily damaged.
You hit the crimson imp but do no damage.
The wight hits you with a +3 long sword of electrocution!
You die...

#........# ####..###
#......5.# ##...######
########.## ###...)...
#..# ##.....# ** ##.##
#.[.... #. * #..####
#.....# #.?.####....#
###.### #.....)5########
##.#
#####.#@##.#.#.####..###
**#..)z#.....#..#.#... *
.......#8$...+..#.#...
#..$.....#.!..W+........
#....!...#8$..W+..#.#...
#........#....W#....#...
#........#.#.#.##..##...
#........#*######.###...
, , #.....###.).


You could see a wight and a crimson imp.

Vanquished Creatures
  A rime drake (D:8)
  A polar bear (D:8)
  A troll (D:9)
  A shadow (D:6)
  A vampire (D:9)
  2 steam dragons
  Menkaure (D:6)
  2 water moccasins
  An orc warrior (D:8)
  A sky beast (D:8)
  5 ice beasts
  A wolf (D:8)
  2 ogres
  4 centaurs
  A bullfrog (D:8)
  4 scorpions
  6 wights
  6 killer bees (D:8)
  3 howler monkeys
  5 crimson imps (D:9)
  4 orc priests
  3 hounds
  3 iguanas
  6 orc wizards
  Robin (D:2)
  7 adders
  7 gnolls
  2 shadow imps
  2 white imps (D:9)
  2 ufetubi (D:5)
  2 worms
  3 dart slugs
  16 orcs
  3 endoplasms
  4 giant cockroaches
  12 goblins
  3 hobgoblins
  A jackal (D:4)
  A quokka (D:2)
  3 ball pythons
  2 bats
  A frilled lizard (D:1)
  8 kobolds
  A rat (D:2)
  16 fungi
162 creatures vanquished.

Notes
Turn   | Place    | Note
-------+----------+-------------------------------------------
     0 | D:1      | jfcaron the Meteoran Fighter began the quest for the Orb.
     0 | D:1      | Reached XP level 1. HP: 19/19 MP: 2/2
   171 | D:1      | Reached XP level 2. HP: 26/26 MP: 3/3
   468 | D:1      | Found a faded altar of an unknown god.
   488 | D:1      | Glimpsed the power of Zot.
   598 | D:2      | Reached skill level 3 in Axes
   614 | D:2      | Reached XP level 3. HP: 31/31 MP: 4/4
   638 | D:2      | Noticed Robin
   649 | D:2      | Killed Robin
   744 | D:2      | Reached XP level 4. HP: 40/40 MP: 5/5
   761 | D:2      | Identified the +2 dagger of Utweo {freeze, Int+5}
  1067 | D:2      | Glimpsed the power of Zot.
  1112 | D:2      | Glimpsed the power of Zot.
  1272 | D:3      | Reached skill level 4 in Axes
  1272 | D:3      | Reached XP level 5. HP: 13/46 MP: 6/6
  1274 | D:3      | HP: 9/46 [orc priest/+0 war axe (5)]
  1309 | D:4      | Reached XP level 6. HP: 50/52 MP: 7/7
  1337 | D:4      | Found a staircase to the Ecumenical Temple.
  1360 | Temple   | Entered the Ecumenical Temple
  1421 | Temple   | Became a worshipper of Ru the Awakened
  1490 | D:4      | Reached skill level 5 in Axes
  1539 | D:4      | Reached skill level 5 in Shields
  1539 | D:4      | Reached XP level 7. HP: 60/60 MP: 8/8
  1550 | D:4      | Reached skill level 5 in Armour
  1686 | D:5      | Entered Level 5 of the Dungeon
  1697 | D:5      | Reached skill level 6 in Axes
  1706 | D:5      | Reached skill level 5 in Fighting
  1758 | D:5      | Reached XP level 8. HP: 60/68 MP: 9/9
  1773 | D:5      | Reached skill level 7 in Axes
  1887 | D:5      | Noticed a steam dragon
  1887 | D:5      | Noticed a steam dragon
  1899 | D:5      | Killed a steam dragon
  1900 | D:5      | Reached skill level 8 in Axes
  2019 | D:6      | Learned a level 1 spell: Apportation
  2022 | D:6      | Learned a level 2 spell: Wereblood
  2058 | D:6      | Gained mutation: You cannot be stealthy. [Ru sacrifice]
  2070 | D:6      | Noticed Menkaure
  2076 | D:6      | Killed Menkaure
  2077 | D:6      | Reached skill level 1 in Translocations
  2077 | D:6      | Reached skill level 1 in Transmutations
  2077 | D:6      | Gained mutation: You passively map the area around you.
                  | [Meteoran growth]
  2077 | D:6      | Reached XP level 9. HP: 36/74 MP: 10/10
  2136 | D:6      | Reached skill level 9 in Axes
  2368 | D:7      | Reached skill level 10 in Axes
  2394 | D:7      | Found a stormy altar of Qazlal.
  2394 | D:7      | Found a blossoming altar of Fedhas.
  2472 | D:7      | Found Nynityun's Overcharged Wands.
  2514 | D:7      | Found a broken altar of Ashenzari.
  2534 | D:8      | Reached skill level 11 in Axes
  2540 | D:8      | Identified the +7 battleaxe "Itaafaisch" {freeze, Int+4}
  2574 | D:8      | Reached XP level 10. HP: 75/81 MP: 11/11
  2583 | D:8      | Reached skill level 12 in Axes
  2585 | D:8      | HP: 13/114 [polar bear (14)]
  2589 | D:8      | Reached skill level 13 in Axes
  2609 | D:8      | HP: 16/81 [killer bee (2)]
  2627 | D:8      | HP: 24/121 [killer bee (7)]
  2778 | D:8      | Found a staircase to the Lair.
  2783 | D:8      | Noticed a rime drake
  2790 | D:8      | Killed a rime drake
  2830 | D:9      | HP: 15/81 [troll (5)]
  2833 | D:9      | Reached skill level 14 in Axes
  2837 | D:9      | Found a runed translucent gate.
  2837 | D:9      | Found a runed translucent gate.
  2840 | D:9      | Found a runed translucent gate.
  2841 | D:9      | Noticed a freezing wraith
  2841 | D:9      | Noticed lotum's ghost (journeyman OpTm)
  2895 | D:9      | Identified the +8 hand axe of Royalism {drain, rF+}
  2910 | D:9      | Reached XP level 11. HP: 32/82 MP: 12/12
  2910 | D:9      | HP: 5/82 [wight/+3 long sword of electrocution (19)]
  2911 | D:9      | HP: 2/80 [wight/+3 long sword of electrocution (3)]
  2912 | D:9      | Mangled by a wight

Illustrated notes

Levels and vault maps discovered:
D:1:      grunt_arrival_crossed_arrows, layout_loops_cross,
          shapermc_ecumenical_altar_venn, minmay_shallow_snake_nest
D:2:      layout_basic, uniq_robin
D:3:      layout_loops_cross
D:4:      layout_basic, overflow_temple_1_default, temple_pool_b,
          minmay_manual_mandibuliform
D:5:      kennysheep_steamy, layout_basic, minmay_fractal_squares_gapless_5
D:6:      layout_loops_cross, lemuel_crystal_altar, uniq_menkaure
D:7:      layout_cave_pools, grunt_temple_overflow_forces_of_nature,
          mainiacjoe_overflow_alcove_2, nicolae_shop_overcharged_wands
D:8:      layout_basic, hellmonk_lair_entry_icy
D:9:      layout_rooms, serial_rivers, chequers_serial_rivers_small_b,
          chequers_serial_rivers_micro_d, chequers_serial_rivers_micro_b,
          chequers_serial_rivers_micro_e, chequers_serial_rivers_large_b,
          gammafunk_ghost_spectres, minmay_nine_imps
Temple:   kb_temple_of_zot

Skill      XL: |  1  2  3  4  5  6  7  8  9 10 |
---------------+-------------------------------+-----
Axes           | 3 4 5 6 8 11 14 | 14.3
Shields        | 4 5 7 |  7.0
Armour         | 4 5 |  5.0
Fighting       | 4 5 |  5.0
Translocations | 1 3 4 |  4.7
Transmutations | 1 3 4 |  4.6

Action                   |  1- 3 |  4- 6 |  7- 9 | 10-12 || total
-------------------------+-------+-------+-------+-------++-------
Melee: War axe           |    48 |   100 |   152 |       ||   300
       Battleaxe         |       |       |    10 |    85 ||    95
Throw: Boomerang         |     4 |       |       |       ||     4
       Dart              |       |     8 |     5 |     1 ||    14
 Cast: Apportation       |       |       |     1 |     3 ||     4
Invok: Sacrifice Stealth |       |       |     1 |       ||     1
  Use: Scroll            |     3 |     6 |     7 |     2 ||    18
       Potion            |       |     2 |       |     5 ||     7
Armor: Scale mail        |    21 |    58 |   110 |    22 ||   211
       Chain mail        |       |       |       |    51 ||    51
       Skin              |       |       |       |    36 ||    36
Dodge: Dodged            |    18 |    27 |    70 |    61 ||   176
Block: Buckler           |    17 |    27 |    48 |       ||    92

Table legend: (Time is in decaauts)
 A = Elapsed time spent in this place.
 B = Non-inter-level travel time spent in this place.
 C = Inter-level travel time spent in this place.
 D = Time resting spent in this place.
 E = Time spent auto-exploring this place.
 F = Levels seen in this place.
 G = Mean time per level.
                   A        B        C        D        E       F      G
               +--------+--------+--------+--------+--------+-----+--------+
         Total |   3007 |   2919 |     88 |     15 |   1102 |  10 |  300.7 |
       Dungeon |   2941 |   2853 |     88 |     15 |   1102 |   9 |  326.8 |
        Temple |     65 |     65 |      0 |      0 |      0 |   1 |   65.0 |
               +--------+--------+--------+--------+--------+-----+--------+

Top non-repeatable levels by time:
     D:2: 654 daAuts
     D:1: 528 daAuts
     D:5: 341 daAuts
     D:4: 333 daAuts
     D:6: 294 daAuts
     D:8: 291 daAuts
     D:7: 235 daAuts
     D:3: 168 daAuts
     D:9: 93 daAuts
  Temple: 65 daAuts

Table legend:
 A = Kills in this place as a percentage of kills in entire the game.
 B = Kills by you in this place as a percentage of kills by you in the entire game.
 C = Kills by friends in this place as a percentage of kills by friends in the entire game.
 D = Other kills in this place as a percentage of other kills in the entire game.
 E = Experience gained in this place as a percentage of experience gained in the entire game.
 F = Experience gained in this place divided by the number of levels of this place that you have seen.
                   A       B       C       D       E      F
               +-------+-------+-------+-------+-------+----------------------
         Total | 100.0 | 100.0 |   N/A |   N/A | 100.0 | 655.6
       Dungeon | 100.0 | 100.0 |   N/A |   N/A | 100.0 | 728.4
               +-------+-------+-------+-------+-------+----------------------
